 Dungeon Crawl Stone Soup version 0.18-a0-1060-g4fac74f (webtiles) character file.

8101 namelastname112 the Covert (level 11, -12/92 HPs)
             Began as a Black Draconian Wizard on Jan 12, 2016.
             Was a Priest of Dithmenos.
             Engulfed by a cloud of freezing vapour (27 damage)
             ... in an ice cave.
             The game lasted 00:31:28 (15783 turns).

namelastname112 the Covert (DrWz)                  Turns: 15783, Time: 00:31:28

Health: -12/92     AC: 10    Str: 12    XL:     11   Next: 5%
Magic:  15/15      EV: 16    Int: 19    God:    Dithmenos [***...]
Gold:   631        SH:  0    Dex: 15    Spells: 1 memorised, 15 levels left

rFire  . . .     SeeInvis +     h - +1 dagger (venom)
rCold  . . .     Gourm    .     (armour unavailable)
rNeg   . . .     Faith    +     (no shield)
rPois  .         Spirit   .     a - +0 hat
rElec  +         Dismiss  .     (no cloak)
rCorr  .         Reflect  .     n - +1 pair of gloves
SustAt .         Harm     .     P - +0 pair of boots
MR     +....                    Q - amulet "Rymnuep" {Faith +Inv Str+2 Dex+3}
Stlth  +++++.....               R - ring of protection from magic
                                L - ring of see invisible

@: slowed, wreathed by umbra, very slow, somewhat resistant to hostile
enchantments, quite stealthy
A: breathe lightning, unfitting armour, electricity resistance, cold-blooded, AC
+7
a: Breathe Lightning, Shadow Step, Renounce Religion, Evoke Invisibility


You were in an ice cave.
You worshipped Dithmenos.
Dithmenos was most pleased with you.
You were hungry.

You visited 2 branches of the dungeon, and saw 12 of its levels.
You also visited: Ice Cave.

You collected 751 gold pieces.
You spent 120 gold pieces at shops.

Inventory:

Hand Weapons
 h - a +1 dagger of venom (weapon)
 r - a +1 long sword of draining
Missiles
 E - 7 curare-tipped needles
Armour
 a - a +0 hat (worn)
 n - a +1 pair of gloves (worn)
 P - a +0 pair of boots (worn)
Jewellery
 k - a cursed amulet of inaccuracy {unknown}
 p - an uncursed amulet of guardian spirit
 y - the amulet of Xom's Malicious Joy {Spirit *Confuse rElec rN+++ Int-5}
   (You found it on level 4 of the Dungeon)

   [amulet of guardian spirit]

   It causes incoming damage to be split between your health and magic.
   It affects your intelligence (-5).
   It insulates you from electricity.
   It renders you almost immune to negative energy.
   It may confuse you when you take damage.
 L - a ring of see invisible (left hand)
 Q - the amulet "Rymnuep" (around neck) {Faith +Inv Str+2 Dex+3}
   (You found it on level 8 of the Dungeon)

   [amulet of faith]

   It allows you to gain divine favour quickly.
   It affects your strength (+2).
   It affects your dexterity (+3).
   It lets you turn invisible.
 R - a ring of protection from magic (right hand)
Wands
 w - a wand of frost (18/48)
 D - a wand of confusion (40/48)
 H - a wand of enslavement (20/24)
Scrolls
 e - 2 scrolls of identify
 g - 5 scrolls of enchant armour
 i - a scroll of magic mapping
 l - 2 scrolls of fog
 z - 4 scrolls of teleportation
 G - a scroll of amnesia
 J - 3 scrolls of remove curse
Potions
 d - a potion of curing
 f - a potion of magic
 m - a potion of mutation {unknown}
 o - a potion of brilliance
 q - 2 potions of lignification {unknown}
 s - a potion of cancellation
 t - a potion of resistance {unknown}
 u - 2 potions of ambrosia
 v - a potion of haste
 B - a potion of cure mutation {unknown}
 F - 3 potions of might
Books
 b - a book of Minor Magic

   Spells                             Type                      Level
   a - Magic Dart                     Conjuration                  1
   b - Blink                          Translocation                2
   c - Call Imp                       Summoning                    2
   d - Repel Missiles                 Charms/Air                   2
   e - Slow                           Hexes                        2
   f - Conjure Flame                  Conjuration/Fire             3
   g - Mephitic Cloud                 Conjuration/Poison/Air       3
 C - a book of Death

   Spells                             Type                      Level
   a - Corpse Rot                     Necromancy                   2
   b - Sublimation of Blood           Necromancy                   2
   c - Agony                          Necromancy                   5
   d - Dispel Undead                  Necromancy                   5
   e - Excruciating Wounds            Charms/Necromancy            5
   f - Bolt of Draining               Conjuration/Necromancy       5
 I - a book of Spatial Translocations

   Spells                             Type                      Level
   a - Apportation                    Translocation                1
   b - Blink                          Translocation                2
   c - Shroud of Golubria             Charms/Translocation         2
   d - Portal Projectile              Translocation                3
   e - Teleport Other                 Translocation                3
   f - Passage of Golubria            Translocation                4
 K - a book of Power

   Spells                             Type                      Level
   a - Fulminant Prism                Conjuration/Hexes            4
   b - Iskenderun's Mystic Blast      Conjuration                  4
   c - Venom Bolt                     Conjuration/Poison           5
   d - Bolt of Magma                  Conjuration/Fire/Earth       5
   e - Iron Shot                      Conjuration/Earth            6
   f - Orb of Destruction             Conjuration                  7
   g - Spellforged Servitor           Conjuration/Summoning        7
 M - a Young Poisoner's Handbook

   Spells                             Type                      Level
   a - Sting                          Conjuration/Poison           1
   b - Cure Poison                    Poison                       2
   c - Mephitic Cloud                 Conjuration/Poison/Air       3
   d - Olgreb's Toxic Radiance        Poison                       4
   e - Venom Bolt                     Conjuration/Poison           5
Comestibles
 c - 2 bread rations
 j - a beef jerky
 x - a slice of pizza
 A - 12 fruits


   Skills:
 + Level 7.3 Fighting
 * Level 9.3 Short Blades
 + Level 6.6 Dodging
 * Level 9.7 Stealth
 - Level 3.0 Spellcasting
 - Level 1.0 Conjurations
   Level 1.0 Summonings
   Level 1.0 Translocations
 + Level 4.4 Evocations


You had 15 spell levels left.
You knew the following spells:

 Your Spells              Type           Power        Failure   Level  Hunger
z - Magic Dart            Conj           #...         12%         1    None


Dungeon Overview and Level Annotations

Branches:
Dungeon (11/15)            Temple (1/1) D:6            Lair (0/8) D:10
    Orc (0/2) D:10

Altars:
Cheibriados
Dithmenos
Gozag
Kikubaaqudgha
Makhleb
Nemelex Xobeh
Okawaru
Qazlal
Ru
Sif Muna
Trog
Xom
Yredelemnul
Zin
The Shining One

Shops:
D:4 !   D:8 !


Innate Abilities, Weirdness & Mutations

You can breathe wild blasts of lightning.
Your glossy black scales are hard (AC +7).
Your body does not fit into most forms of armour.
You are resistant to electric shocks.
You are cold-blooded and may be slowed by cold attacks.


Message History

Your magical contamination has completely faded away.
You start resting.
You are feeling hungry.
You start resting.
HP restored.
There is an ice covered gate leading back out of this place here.
You are engulfed in freezing vapours.
You feel yourself slow down.
You are engulfed in freezing vapours.
You feel as though you will be slow longer.
You are engulfed in freezing vapours.
You feel as though you will be slow longer.
* * * LOW HITPOINT WARNING * * *
Drink which item? (? for menu, Esc to quit)
You feel better.
You are engulfed in freezing vapours.
You feel as though you will be slow longer.
* * * LOW HITPOINT WARNING * * *
You are engulfed in freezing vapours.
You feel as though you will be slow longer.
You die...

### ##§## ##§§§##
#§§§§@## ###
#.§§#§#§§###§####
..§
#§###§§§.....###
. ##
###§§§..∩..##
##§#....∩.#
#######..# ####


There were no monsters in sight!

Vanquished Creatures
  A hydra (D:8)
  2 molten gargoyles (D:11)
  3 trolls
  Eustachio (D:4)
  A wyvern (D:10)
  A yak (IceCv)
  2 hungry ghosts
  A warg (D:10)
  5 ice beasts
  8 orc warriors
  A sky beast (D:9)
  A black bear (D:7)
  2 phantoms
  2 necrophages (D:10)
  2 centaurs
  4 giant frogs
  A wyvern skeleton (D:8)
  3 scorpions
  11 wights
  6 killer bees (D:8)
  3 crimson imps
  A giant frog zombie (D:10)
  3 hounds
  2 jellies
  15 orc wizards
  4 centaur zombies
  9 orc priests
  2 centaur skeletons (D:5)
  Terence (D:2)
  An iguana (D:7)
  Natasha (twice) (D:2)
  8 worker ants
  A killer bee zombie (D:10)
  A hound skeleton (D:5)
  Robin (D:2)
  8 adders
  4 gnolls (D:5)
  4 shadow imps
  An ooze (D:4)
  An adder skeleton (D:9)
  An adder zombie (D:8)
  3 worms
  4 giant geckos
  51 orcs
  7 giant cockroaches
  18 goblins
  9 hobgoblins
  9 jackals
  4 quokkas
  A ball python (D:6)
  8 bats
  3 giant gecko skeletons
  5 giant newts
  6 kobolds
  2 quokka skeletons
  A quokka zombie (D:5)
  8 rats
270 creatures vanquished.

Vanquished Creatures (others)
  2 polar bears (IceCv)
  3 yaks (IceCv)
  3 wolves (IceCv)
  4 withered plants (D:10)
12 creatures vanquished.

Grand Total: 282 creatures vanquished

Notes
Turn   | Place    | Note
--------------------------------------------------------------
     0 | D:1      | namelastname112 the Draconian Wizard began the quest for the Orb.
     0 | D:1      | Reached XP level 1. HP: 14/14 MP: 4/4
   361 | D:1      | Reached XP level 2. HP: 14/20 MP: 1/6
   923 | D:1      | Reached skill level 1 in Short Blades
  1263 | D:2      | HP: 1/20 [adder (1)]
  1264 | D:2      | Reached XP level 3. HP: 12/27 MP: 7/7
  1863 | D:2      | Reached skill level 1 in Fighting
  1884 | D:2      | Noticed Robin
  1930 | D:2      | Killed Robin
  1948 | D:2      | Reached XP level 4. HP: 10/35 MP: 3/8
  2194 | D:2      | Noticed Terence
  2218 | D:2      | Killed Terence
  2437 | D:2      | Noticed Natasha
  2446 | D:2      | Killed Natasha
  2446 | D:2      | Reached XP level 5. HP: 41/41 MP: 1/9
  2657 | D:2      | Noticed Natasha
  2669 | D:2      | Killed Natasha
  2920 | D:3      | Found a deep blue altar of Sif Muna.
  2969 | D:3      | Found a sacrificial altar of Ru.
  3047 | D:3      | Found a bloodstained altar of Trog.
  3570 | D:4      | Found Cokhlin's Distillery.
  3576 | D:4      | Bought a potion of heal wounds for 55 gold pieces
  3593 | D:4      | Found a snail-covered altar of Cheibriados.
  3593 | D:4      | Found a shimmering altar of Xom.
  3594 | D:4      | Found a glowing silver altar of Zin.
  3617 | D:4      | Noticed Eustachio
  3919 | D:4      | Killed Eustachio
  3919 | D:4      | Reached skill level 4 in Stealth
  3919 | D:4      | Reached XP level 6. HP: 30/50 MP: 3/10
  4162 | D:4      | Got a transparent jade amulet
  4164 | D:4      | Identified the amulet of Xom's Malicious Joy {Spirit *Confuse rElec rN+++ Int-5} (You found it on level 4 of the Dungeon)
  4274 | D:4      | Found a glowing golden altar of the Shining One.
  4582 | D:4      | Found a stormy altar of Qazlal.
  4587 | D:4      | Found an opulent altar of Gozag.
  4743 | D:5      | Entered Level 5 of the Dungeon
  4766 | D:5      | Reached XP level 7. HP: 43/57 MP: 9/11
  4766 | D:5      | Your scales start taking on a glossy black colour.
  4766 | D:5      | Gained mutation: You are resistant to electric shocks. [Black Draconian growth]
  5518 | D:5      | Reached skill level 5 in Stealth
  5761 | D:5      | Found an opulent altar of Gozag.
  6284 | D:6      | Found a staircase to the Ecumenical Temple.
  6288 | Temple   | Entered the Ecumenical Temple
  6298 | Temple   | Became a worshipper of Dithmenos the Shadowed
  6378 | D:6      | Reached skill level 5 in Short Blades
  6378 | D:6      | Reached XP level 8. HP: 48/66 MP: 9/12
  6445 | D:6      | HP: 3/66 [shadow imp/nerve-wracking pain (7)]
  6767 | D:6      | Found a sparkling altar of Nemelex Xobeh.
  6913 | D:6      | Reached skill level 6 in Stealth
  7383 | D:7      | Reached * piety under Dithmenos
  7832 | D:7      | Found an iron altar of Okawaru.
  8380 | D:7      | Reached skill level 7 in Stealth
  8582 | D:7      | Reached skill level 5 in Fighting
  8722 | D:8      | Reached XP level 9. HP: 74/74 MP: 13/13
  8768 | D:8      | Got a shimmering jade amulet
  8770 | D:8      | Identified the amulet "Rymnuep" {Faith +Inv Str+2 Dex+3} (You found it on level 8 of the Dungeon)
  9261 | D:8      | Reached skill level 1 in Evocations
  9509 | D:8      | Reached ** piety under Dithmenos
  9735 | D:8      | Noticed a seven-headed hydra
  9752 | D:8      | Killed a seven-headed hydra
  9752 | D:8      | Reached skill level 5 in Dodging
  9752 | D:8      | Reached skill level 8 in Stealth
 10090 | D:8      | Found a burning altar of Makhleb.
 10506 | D:8      | Found Moyfro's Distillery.
 10512 | D:8      | Bought a potion of heal wounds for 65 gold pieces
 10988 | D:9      | Found an ancient bone altar of Kikubaaqudgha.
 11178 | D:9      | Noticed a troll
 11396 | D:9      | Reached XP level 10. HP: 64/83 MP: 14/14
 11724 | D:9      | Found a basalt altar of Yredelemnul.
 12456 | D:10     | Entered Level 10 of the Dungeon
 12553 | D:10     | Reached *** piety under Dithmenos
 13067 | D:10     | Found a staircase to the Orcish Mines.
 13696 | D:10     | Found a staircase to the Lair.
 13760 | D:10     | Reached skill level 9 in Stealth
 15089 | D:11     | Noticed a molten gargoyle
 15090 | D:11     | Noticed a molten gargoyle
 15091 | D:11     | Noticed a molten gargoyle
 15110 | D:11     | Killed a molten gargoyle
 15117 | D:11     | Killed a molten gargoyle
 15117 | D:11     | Reached XP level 11. HP: 51/92 MP: 13/15
 15159 | D:11     | Found a frozen archway.
 15168 | IceCv    | Entered an ice cave
 15783 | IceCv    | Engulfed by a cloud of freezing vapour

Vault maps used:
D:1:      elethiomel_arrival_diamonds
D:2:      uniq_natasha, uniq_robin, uniq_terence
D:3:      nicolae_overflow_crystal_walls, nicolae_ru_path_of_blood,
          overflow_temple_1_default
D:4:      tso_metal_star, gammafunk_temple_overflow_forgotten, minitemple,
          first_bread, serial_shops, shop, uniq_eustachio
D:5:      grunt_gozag_breadcrumbs
D:6:      nemelex_xobeh_ov_fountains_minmay, minmay_temple_entry_grid
D:7:      okawaru_ov_weapons_minmay, serial_corexii_hall,
          corexii_hall_statues_x, corexii_hall_statues_deadend
D:8:      makhleb_heckhound_becter, serial_shops, shop
D:9:      kiku_gazebo_garden_becter, yredelemnul_altar_generic
D:10:     erik_lair_orcish_takeover, orc_david_3, enter_bailey_2, serial_undead,
          serial_undead_c, serial_undead_f, serial_undead_d, serial_undead_c
D:11:     portal_ice_cave_entry_pillars_02, hangedman_fish_farm, minivault_8,
          uniq_fannar, uniq_grum, uniq_josephine
Temple:   circular_temple_6
IceCv:    ice_cave_caverns_02

Action                   |  1- 3 |  4- 6 |  7- 9 | 10-12 || total
-------------------------+-------+-------+-------+-------++-------
Melee: Dagger            |    74 |   200 |   836 |   465 ||  1575
       Unarmed           |     8 |       |       |       ||     8
       Short sword       |     4 |       |       |       ||     4
       Long sword        |       |       |       |    68 ||    68
 Cast: Magic Dart        |    44 |    35 |       |       ||    79
 Abil: Breathe Lightning |       |       |     4 |    10 ||    14
       Evoke Invisibilit |       |       |       |     3 ||     3
Evoke: Wand              |       |       |       |     3 ||     3
  Use: Potion            |     1 |     1 |       |     7 ||     9
       Scroll            |       |       |    20 |     2 ||    22
 Stab: Sleeping          |       |     5 |    10 |     4 ||    19
       Distracted        |       |       |     2 |     1 ||     3
       Invisible         |       |       |       |     3 ||     3
  Eat: Chunk             |     3 |     8 |    15 |     2 ||    28
       Bread ration      |       |       |     1 |     2 ||     3
       Beef jerky        |       |       |     2 |       ||     2
       Meat ration       |       |       |       |     2 ||     2
